 Dungeon Crawl Stone Soup version 0.21-a0-426-g98080a9 (webtiles) character file.

269 Kidiri the Insei (level 6, -1/51 HPs)
             Began as a Draconian Transmuter on Nov 6, 2017.
             Slain by Grinder (3 damage)
             ... on level 3 of the Dungeon.
             The game lasted 00:08:01 (3291 turns).

Kidiri the Insei (Draconian Transmuter)             Turns: 3291, Time: 00:08:02

Health: -1/51      AC:  8    Str: 13    XL:     6   Next: 1%
Magic:  2/10       EV: 12    Int: 13    God:
Gold:   173        SH:  0    Dex: 13    Spells: 4/10 levels left

rFire    . . .     SeeInvis .     - Unarmed
rCold    . . .     Gourm    .   (no shield)
rNeg     . . .     Faith    .   (armour unavailable)
rPois    .         Spirit   .   (helmet restricted)
rElec    .         Reflect  .   i - +0 cloak
rCorr    .         Harm     .   f - +0 pair of gloves
MR       .....                  (no boots)
Stlth    ++........             (no amulet)
HPRegen  0.17/turn              (no ring)
MPRegen  0.12/turn              (no ring)

@: very slightly contaminated, drained
A: unfitting armour, cold-blooded, AC +6
a: no special abilities


You were on level 3 of the Dungeon.
You were hungry.

You visited 1 branch of the dungeon, and saw 3 of its levels.

You collected 173 gold pieces.

Inventory:

Missiles
 a - 11 arrows
 e - 139 stones (quivered)
Armour
 f - a +0 pair of gloves (worn)
 i - a +0 cloak (worn)
Jewellery
 o - an uncursed amulet of harm
Scrolls
 d - 6 scrolls of remove curse
 h - a scroll of fog
Potions
 g - 6 potions of heal wounds
 j - a potion of lignification {unknown}
 k - 2 potions of curing
 m - 2 potions of invisibility
 p - a potion of berserk rage {unknown}
Books
 b - a book of Changes

   Spells                             Type                      Level
   a - Beastly Appendage              Transmutation                1
   b - Sticks to Snakes               Transmutation                2
   c - Spider Form                    Transmutation/Poison         3
   d - Ice Form                       Ice/Transmutation            4
   e - Blade Hands                    Transmutation                5
Comestibles
 c - 3 bread rations
 l - 2 meat rations
 n - 3 fruits


   Skills:
 * Level 3.2(2.3) Fighting
 + Level 2.6(1.7) Dodging
 + Level 1.6(0.7) Stealth
 + Level 3.4(2.5) Unarmed Combat
 + Level 2.7(1.8) Spellcasting
 * Level 3.4(2.5) Transmutations
 + Level 1.2(0.3) Poison Magic


You had 4 spell levels left.
You knew the following spells:

 Your Spells              Type           Power        Failure   Level  Hunger
a - Beastly Appendage     Tmut           #.....       9%          1    ##.....
b - Sticks to Snakes      Tmut           #.......     14%         2    ###....
c - Spider Form           Tmut/Pois      #.........   38%         3    ####...


Dungeon Overview and Level Annotations

Branches:
Dungeon (3/15)

Altars:
Gozag

Annotations:
D:3 Grinder


Innate Abilities, Weirdness & Mutations

Your plain brown scales are hard. (AC +6)
You cannot fit into any form of body armour.
You are cold-blooded and may be slowed by cold attacks.


Message History

Your ball python grabs Grinder.
Your ball python constricts Grinder.
Grinder hits you but does no damage.
Your ball python barely misses Grinder.
Your ball python constricts Grinder.
Your ball python bites Grinder but does no damage.
Your ball python constricts Grinder.
Grinder hits you!
You writhe in agony.
* * * LOW HITPOINT WARNING * * *
Your ball python bites Grinder but does no damage.
Your ball python constricts Grinder.
Grinder hits you.
* * * LOW HITPOINT WARNING * * *
You writhe in agony.
* * * LOW HITPOINT WARNING * * *
You can move again.
You see here an orc corpse.
You hit Grinder but do no damage.
Grinder is lightly wounded.
Your ball python bites Grinder but does no damage.
Your ball python constricts Grinder.
Grinder hits you.
* * * LOW HITPOINT WARNING * * *
You writhe in agony.
You die...

.............#
#..............
##########.#.#
########.......
#.....#
#.......
#######'#.###
#.......
..........#
#.).....
..........#
########
..........#
..........####
...........5@#
........)###S#
###......(.#.#
#.....)..#.#
#........#>#
#.....$...#.#
#.........#.#
#....#.####.#
#....#.# #.#


You could see Grinder and a friendly ball python.

Vanquished Creatures
  A scorpion (D:3)
  An orc wizard (D:3)
  An orc priest (D:3)
  Natasha (twice) (D:3)
  5 adders
  A worm (D:3)
  A dart slug (D:1)
  5 orcs (D:3)
  11 goblins
  3 hobgoblins
  8 jackals
  6 kobolds
  3 quokkas
  10 bats
  2 frilled lizards
  6 rats
66 creatures vanquished.

Notes
Turn   | Place    | Note
-------+----------+-------------------------------------------
     0 | D:1      | Kidiri the Draconian Transmuter began the quest for the Orb.
     0 | D:1      | Reached XP level 1. HP: 16/16 MP: 3/3
   522 | D:1      | Reached XP level 2. HP: 23/23 MP: 5/5
   526 | D:1      | Learned a level 2 spell: Sticks to Snakes
  1261 | D:2      | Found an opulent altar of Gozag.
  1275 | D:2      | Reached XP level 3. HP: 25/29 MP: 4/6
  1378 | D:2      | Learned a level 3 spell: Spider Form
  1869 | D:2      | Reached XP level 4. HP: 32/36 MP: 5/7
  2025 | D:2      | Reached skill level 1 in Stealth
  2507 | D:3      | Noticed Natasha
  2521 | D:3      | Killed Natasha
  2521 | D:3      | Reached XP level 5. HP: 31/42 MP: 3/8
  2825 | D:3      | Reached skill level 1 in Poison Magic
  2957 | D:3      | Noticed Natasha
  2965 | D:3      | Killed Natasha
  3253 | D:3      | Noticed Grinder
  3270 | D:3      | Paralysed by Grinder for 7 turns
  3284 | D:3      | Reached XP level 6. HP: 31/51 MP: 1/10
  3287 | D:3      | Paralysed by Grinder for 4 turns
  3291 | D:3      | HP: 2/51 [Grinder (5)]
  3291 | D:3      | Slain by Grinder

Vault maps used:
D:1:      dpeg_arrival_signposts
D:2:      old_standard_altar, first_bread
D:3:      uniq_natasha, uniq_robin, uniq_grinder

Skill      XL: |  1  2  3  4  5 |
---------------+----------------+-----
Dodging        | 2 |  2.6
Fighting       | 2 3 |  3.2
Stealth        | 1 |  1.6
Transmutations | 3 |  3.4
Poison Magic   | 1 |  1.2
Unarmed Combat | |  3.4
Spellcasting   | |  2.7

Action                   |  1- 3 |  4- 6 || total
-------------------------+-------+-------++-------
Melee: Unarmed           |   125 |   136 ||   261
       Tailslap          |    13 |    14 ||    27
       Kick              |     4 |     2 ||     6
       Headbutt          |       |     1 ||     1
Throw: Stone             |     8 |       ||     8
 Cast: Beastly Appendage |     5 |     2 ||     7
       Spider Form       |     2 |     7 ||     9
       Sticks to Snakes  |       |     1 ||     1
  Use: Scroll            |     4 |     3 ||     7
       Potion            |       |     2 ||     2
 Stab: Sleeping          |       |     2 ||     2
  Eat: Chunk             |     3 |     6 ||     9
Armor: Skin              |    40 |    34 ||    74
Dodge: Dodged            |   110 |    97 ||   207

Table legend:
 A = Spawn XP
 B = Non-spawn XP
 C = Spawn XP percentage of total XP
 D = Spawn monster count
 E = Non-spawn monster count
 F = Spawn count percentage of total count
 G = Total turns spent on level
                    A         B        C        D         E        F      G
               +---------+---------+-------+---------+---------+-------+---------
         Total |       0 |     385 |   0.0 |       0 |      66 |   0.0 |  3291
               +---------+---------+-------+---------+---------+-------+---------
           D:1 |       0 |      36 |   0.0 |       0 |      22 |   0.0 |  1246
           D:2 |       0 |      76 |   0.0 |       0 |      18 |   0.0 |  1098
           D:3 |       0 |     273 |   0.0 |       0 |      26 |   0.0 |   947
               +---------+---------+-------+---------+---------+-------+---------
